 Dungeon Crawl Stone Soup version 0.29.1-2-gbd0b4ee654 (webtiles) character file.

Game seed: 947256310673052732

150 bladeefan the Cudgeller (level 5, 0/41 HPs)
             Began as a Demonspawn Fighter on Nov 5, 2022.
             Was an Initiate of Yredelemnul.
             Slain by a goblin zombie (1 damage)
             ... in an ossuary.
             The game lasted 00:04:04 (3449 turns).

bladeefan the Cudgeller (Demonspawn Fighter)        Turns: 3449, Time: 00:04:04

Health: 0/41       AC:  8    Str: 19    XL:     5   Next: 10%
Magic:  5/5        EV:  9    Int:  9    God:    Yredelemnul [......]
Gold:   127        SH:  4    Dex: 12    Spells: 4/4 levels left

rFire   . . .      SeeInvis .   a - +0 flail
rCold   . . .      Faith    .   c - +0 buckler
rNeg    . . .      Spirit   .   b - +0 scale mail
rPois   .          Reflect  .   (no helmet)
rElec   .          Harm     .   (no cloak)
rCorr   .          Rampage  .   (no gloves)
Will    .....                   (no boots)
Stlth   ..........              (no amulet)
HPRegen 0.13/turn               (no ring)
MPRegen 0.09/turn               (no ring)

@: mighty
A: claws 1, icy blue scales 1, demonic magic 1
a: Renounce Religion, Recall Undead Harvest


You were in an ossuary.
You worshipped Yredelemnul.
Yredelemnul was noncommittal.
You visited 1 branch of the dungeon, and saw 4 of its levels.
You also visited: Ossuary.

You collected 127 gold pieces.

Inventory:

Hand Weapons
 a - a +0 flail (weapon)
Armour
 b - a +0 scale mail (worn)
 c - a +0 buckler (worn)
Scrolls
 f - a scroll of teleportation
 i - a scroll of amnesia
 m - a scroll of blinking {unknown}
 n - a scroll of enchant weapon {unknown}
Potions
 e - a potion of ambrosia {unknown}
 g - a potion of degeneration {unknown}
 h - 3 potions of curing {unknown}
 j - 2 potions of berserk rage {unknown}


   Skills:
 + Level 3.5 Fighting
 * Level 3.7 Maces & Flails
 + Level 3.4 Armour
 + Level 1.0 Dodging
 - Level 2.6 Shields


You had 4 spell levels left.
You didn't know any spells.
Your spell library contained the following spells:

 Spells                   Type           Power      Damage    Failure   Level
 Sublimation of Blood     Necr           0%         N/A       94%         2
 Ozocubu's Armour         Ice            0%         N/A       99%         3
 Petrify                  Tmut/Erth      0%         N/A       100%        4
 Irradiate                Conj/Tmut      0%         3d11      100%        5
 Ozocubu's Refrigeration  Ice            0%         4d7       100%        7


Dungeon Overview and Level Annotations

Branches:
Dungeon (4/15)            Ossuary (1/1)
 Temple: D:4-7

Altars:
Dithmenos
Okawaru
Yredelemnul

Annotations:
D:3 Icepheonix32's ghost, amateur MiFi
D:4 Eustachio


Innate Abilities, Weirdness & Mutations

You have sharp fingernails.
You are partially covered in icy blue scales. (AC +2)
Spells you cast may paralyse adjacent enemies.


Message History

The rat zombie bites you but does no damage.
The human zombie hits you. The mummy closely misses you.
You bludgeon the hobgoblin zombie!!
You destroy the hobgoblin zombie!
The hound zombie bites you but does no damage.
The orc zombie barely misses you. You block the hound zombie's attack.
The goblin zombie hits you but does no damage.
The rat zombie bites you but does no damage.
You block the human zombie's attack. The mummy closely misses you.
You sock the mummy!
The mummy is severely damaged.
The hound zombie bites you.
The orc zombie hits you but does no damage.
The rat zombie closely misses you. You block the goblin zombie's attack.
The human zombie hits you but does no damage.
The hound zombie bites you but does no damage.
You closely miss the mummy.
The mummy is severely damaged.
The hound zombie bites you but does no damage.
The mummy hits you!
* * * LOW HITPOINT WARNING * * *
You block the orc zombie's attack.
The goblin zombie hits you but does no damage.
The rat zombie bites you.
* * * LOW HITPOINT WARNING * * *
The human zombie hits you but does no damage.
You hit the mummy.
The mummy is severely damaged.
You block the hound zombie's attack. The orc zombie closely misses you.
The goblin zombie closely misses you.
The hound zombie bites you but does no damage.
The rat zombie bites you but does no damage.
The mummy hits you but does no damage.
The human zombie hits you but does no damage.
You closely miss the mummy.
The mummy is severely damaged.
The hound zombie bites you but does no damage.
The orc zombie closely misses you. The goblin zombie hits you.
You die...
Your body rises from the dead as a mindless zombie.

###########
.......... ...
..........
...#####.........
..................
...................
..........Z.M..#
.........ZZ@...##.
.........ZZZZ......
..........ZZ.......
...................
..................#
.......∩..........#
.......∩..........#
...................
..................


You could see a mummy, a rat zombie, a jackal zombie, a hound zombie, 2 goblin
zombies, a hobgoblin zombie, a kobold zombie, an orc zombie and a human zombie.

Vanquished Creatures
  Terence (D:3)
  A hound zombie (D:3)
  A gnoll (D:4)
  2 adders (D:3)
  An adder zombie (D:3)
  3 worms (D:3)
  3 dart slugs
  An orc (D:3)
  6 ball pythons (D:1)
  5 endoplasms
  4 giant cockroaches
  2 goblins
  4 hobgoblins
  7 jackals (D:1)
  2 kobolds (D:1)
  5 quokkas
  6 bats
  2 frilled lizards (D:1)
  A hobgoblin zombie (Ossuary)
  A jackal zombie (Ossuary)
  5 rats
  A rat zombie (Ossuary)
64 creatures vanquished.

Vanquished Creatures (collateral kills)
  A bat (D:3)
1 creature vanquished.

Vanquished Creatures (others)
  A worm zombie (D:3)
  A bat zombie (D:3)
  A human zombie (D:3)
  A rat zombie (D:3)
4 creatures vanquished.

Grand Total: 69 creatures vanquished

Notes
Turn   | Place    | Note
-------+----------+-------------------------------------------
     0 | D:1      | bladeefan the Demonspawn Fighter began the quest for the
                  | Orb.
     0 | D:1      | Reached XP level 1. HP: 18/18 MP: 1/1
   261 | D:1      | Gained mutation: Spells you cast may paralyse adjacent
                  | enemies. [demonic ancestry]
   261 | D:1      | Reached XP level 2. HP: 21/24 MP: 2/2
   644 | D:1      | Reached XP level 3. HP: 29/29 MP: 3/3
  1492 | D:2      | Found a shadowy altar of Dithmenos.
  1826 | D:2      | Found a faded altar of an unknown god.
  2175 | D:3      | Found a runed translucent gate.
  2175 | D:3      | Found a runed translucent gate.
  2175 | D:3      | Found a runed translucent gate.
  2175 | D:3      | Noticed Icepheonix32's ghost (amateur MiFi)
  2177 | D:3      | Found a basalt altar of Yredelemnul.
  2192 | D:3      | Gained mutation: You are partially covered in icy blue
                  | scales. (AC +2) [demonic ancestry]
  2192 | D:3      | Reached XP level 4. HP: 35/35 MP: 4/4
  2195 | D:3      | Became a worshipper of Yredelemnul the Dark
  2500 | D:3      | Noticed Terence
  2510 | D:3      | Killed Terence
  2518 | D:3      | Reached * piety under Yredelemnul
  2771 | D:3      | Reached skill level 1 in Dodging
  2881 | D:3      | Gained mutation: You have sharp fingernails. [demonic
                  | ancestry]
  2881 | D:3      | Reached XP level 5. HP: 41/41 MP: 5/5
  3124 | D:3      | Your ally Terence died
  3412 | D:4      | Noticed Eustachio
  3414 | D:4      | Found an iron altar of Okawaru.
  3419 | D:4      | Found a sand-covered staircase.
  3426 | Ossuary  | Entered an ossuary
  3447 | Ossuary  | HP: 1/41 [rat zombie (2)]
  3449 | Ossuary  | Slain by a goblin zombie

Illustrated notes

Levels and vault maps discovered:
D:1:      dpeg_arrival_prison, layout_basic, chequers_avenue,
          chequers_serial_rivers_micro_c
D:2:      layout_basic, dreamdust_ecumenical_altar_angels_and_demons,
          basic_altar, chequers_serial_rivers_room_b
D:3:      layout_loops_ring, nicolae_yredelemnul_ghost_church,
          minmay_misc_feat_ornament, uniq_terence
D:4:      lemuel_castle_with_subvaults [lemuel_castle_interior_carwin_3],
          layout_basic, mainiacjoe_overflow_tiny_flanked,
          nicolae_ossuary_entry_ruins, serial_park_tiny_pond, uniq_eustachio
Ossuary:  ossuary_minmay_tomb_2a

Skill      XL: |  1  2  3  4 |
---------------+-------------+-----
Maces & Flails | 2 3 |  3.7
Armour         | 3 |  3.4
Dodging        | 1 |  1.0
Fighting       | |  3.5
Shields        | |  2.6

Action                   |  1- 3 |  4- 6 || total
-------------------------+-------+-------++-------
Melee: Flail             |   141 |    92 ||   233
  Use: Scroll            |       |     3 ||     3
       Potion            |       |     1 ||     1
Armor: Scale mail        |   110 |    75 ||   185
Dodge: Dodged            |   107 |    76 ||   183
Block: Buckler           |    53 |    30 ||    83
